Map: Odyssey LE

Players

EnlistedReb - Winner!

  • Race: Zerg Zerg
  • League: Master
  • Spawn Location: 5:00

youngjiddle

  • Race: Protoss Protoss
  • League: Diamond
  • Spawn Location: 11:00

VOD

Have the link to the VOD?

Description

Gale

Time

  • Played on: Sept. 11, 2017, 8:11 p.m.
  • Length: 8:54
Show
View Real Time Build Order
Export as new Build Order

EnlistedReb Zerg - Winner!

Build Orders: Hatch First 

Get SALT Encoding   

  12  0:00  Drone  
  13  0:12  Overlord  
  13  0:17  Drone  
  14  0:30  Drone  
  14  0:31  Drone  
  14  0:34  Drone  
  17  0:52  Hatchery  
  17  0:55  Drone  
  17  0:59  Drone  
  17  1:00  Extractor  
  17  1:07  Drone  
  18  1:17  Spawning Pool  
  17  1:21  Drone  
  18  1:28  Drone  
  19  1:38  Overlord  
  19  1:49  Drone  
  20  2:00  Drone  
  21  2:04  Drone  
  21  2:05  Queen  
  21  2:06  Metabolic Boost  
  21  2:07  Queen  
  26  2:10  Zergling x2  
  26  2:15  Drone  
  28  2:21  Drone  
  29  2:33  Drone x2  
  31  2:41  Hatchery  
  31  2:42  Drone  
  31  2:45  Drone  
  31  2:47  Drone  
  33  2:53  Overlord  
  33  2:58  Drone  
  34  3:04  Drone  
  35  3:08  Drone  
  36  3:16  Lair  
  36  3:20  Drone x3  
  36  3:21  Drone  
  36  3:22  Drone  
  36  3:23  Drone x2  
  43  3:27  Zergling x2  
  43  3:31  Spore Crawler  
  43  3:33  Spore Crawler  
  43  3:34  Zergling x2  
  43  3:41  Drone, Baneling Nest  
  43  3:45  Zergling x2  
  44  3:51  Overlord x2  
  44  3:56  Spore Crawler  
  43  4:03  Drone x3  
  43  4:04  Drone x2  
  43  4:05  Drone  
  49  4:12  Queen  
  49  4:13  Drone x2  
  53  4:19  Zergling x8  
  53  4:20  Zergling x4  
  59  4:24  Hydralisk Den  
  59  4:27  Extractor  
  59  4:28  Extractor  
  59  4:30  Baneling x5  
  56  4:32  Drone x3  
  56  4:35  Zergling x2  
  56  4:36  Zergling x2  
  56  4:37  Zergling x2  
  61  4:39  Drone  
  61  4:40  Drone  
  63  4:48  Extractor  
  63  4:50  Drone x2  
  63  4:51  Drone  
  65  4:59  Overlord x3  
  65  5:02  Overlord  
  65  5:07  Centrifical Hooks  
  65  5:09  Overlord  
  65  5:17  Drone x2  
  65  5:18  Drone x3  
  65  5:20  Overlord  
  71  5:21  Drone x2  
  71  5:23  Drone  
  71  5:27  Hydralisk x2  
  77  5:32  Baneling x2  
  77  5:33  Baneling x5  
  77  5:36  Zergling x4  
  74  5:44  Zergling x12  
  74  5:49  Zergling x4  
  78  5:56  Zergling x4  
  78  5:57  Zergling x4  
  80  6:00  Zergling x6  
  79  6:05  Hydralisk  
  81  6:16  Queen, Hydralisk  
  81  6:17  Hydralisk  
  87  6:19  Overlord  
  87  6:22  Hydralisk  
  87  6:24  Zergling x4  
  91  6:27  Hydralisk  
  91  6:30  Overseer  
  91  6:31  Zergling x2  
  94  6:39  Zergling x10  
  90  6:50  Zergling x12  
  90  6:55  Baneling  
  90  6:56  Baneling x4, Hydralisk  
  90  6:57  Hydralisk  
  90  7:00  Hydralisk  
  96  7:02  Baneling  
  96  7:03  Baneling x2  
  96  7:06  Zergling x4  
  96  7:07  Zergling x2  
  99  7:08  Zergling x4  
  99  7:09  Zergling x2  
  99  7:10  Zergling x4  
  99  7:13  Hydralisk  
  106  7:18  Zergling x2  
  106  7:19  Zergling x2  
  105  7:23  Zergling x2  
  105  7:24  Zergling x4  
  105  7:26  Hydralisk  
  109  7:31  Hydralisk x2  
  110  7:48  Zergling x6  
  110  7:49  Zergling x10  
  109  7:53  Zergling x4  
  108  7:59  Hydralisk  
  108  8:00  Hydralisk x2  
  107  8:06  Zergling x6  
  107  8:07  Zergling x6  
  107  8:12  Zergling x2  
  112  8:15  Zergling x4  
  113  8:23  Zergling x2  
  108  8:28  Zergling x4  
  108  8:32  Zergling x4  
  112  8:35  Zergling x2  
Show
View Real Time Build Order
Export as new Build Order

youngjiddle Protoss 

Build Orders: 1 Gate Expand, Zealot Archon 

Get SALT Encoding   

  12  0:02  Probe (Chrono Boost)  
  13  0:12  Probe (Chrono Boost)  
  14  0:23  Probe (Chrono Boost), Pylon  
  15  0:42  Probe (Chrono Boost)  
  16  0:45  Gateway  
  16  0:49  Assimilator  
  16  0:52  Probe (Chrono Boost)  
  17  1:03  Probe (Chrono Boost)  
  18  1:14  Probe (Chrono Boost)  
  19  1:25  Nexus  
  19  1:28  Probe (Chrono Boost)  
  20  1:39  Cybernetics Core  
  20  1:45  Assimilator  
  20  1:46  Probe (Chrono Boost)  
  21  1:58  Probe (Chrono Boost)  
  22  2:08  Warp Gate, Pylon  
  22  2:11  Probe (Chrono Boost)  
  23  2:26  Adept (Chrono Boost)  
  23  2:27  Probe  
  26  2:30  Twilight Council  
  26  2:36  Probe  
  26  2:39  Probe  
  28  2:48  Gateway  
  28  2:50  Adept (Chrono Boost)  
  30  2:56  Probe  
  30  2:57  Probe  
  32  3:00  Gateway  
  32  3:06  Charge (Chrono Boost)  
  34  3:13  Mothership Core  
  34  3:23  Probe  
  35  3:34  Probe  
  36  3:36  Probe  
  37  3:43  Nexus  
  37  3:49  Probe, Pylon  
  37  3:53  Probe  
  39  4:02  Probe  
  40  4:06  Probe  
  41  4:13  Zealot  
  41  4:14  Zealot x2  
  47  4:19  Probe  
  47  4:20  Probe  
  47  4:23  Pylon  
  49  4:30  Assimilator  
  49  4:31  Probe  
  49  4:32  Assimilator  
  49  4:38  Zealot x2  
  54  4:42  Zealot  
  54  4:43  Probe  
  54  4:44  Probe  
  58  4:46  Templar Archives  
  58  4:48  Forge  
  58  4:55  Probe  
  58  4:57  Probe  
  58  4:58  Probe  
  61  5:02  Zealot  
  61  5:03  Zealot  
  61  5:06  Zealot  
  67  5:10  Probe x2  
  67  5:11  Probe  
  70  5:14  Psionic Storm  
  70  5:22  Probe, Protoss Ground Weapons Level 1 (Chrono Boost)  
  70  5:25  Probe  
  70  5:26  Probe  
  73  5:36  Probe  
  70  6:02  Probe  
  70  6:03  High Templar x2  
  65  6:04  Zealot  
  65  6:06  Gateway x2  
  65  6:08  Gateway  
  65  6:09  Gateway  
  63  6:11  Pylon  
  63  6:13  Pylon  
  63  6:15  Pylon  
  63  6:17  Probe x3  
  66  6:28  Zealot  
  66  6:29  Probe  
  69  6:34  Photon Cannon  
  69  6:41  Zealot x2  
  71  6:50  Zealot  
  71  6:55  Probe x2  
  73  7:08  High Templar x4  
  75  7:09  Robotics Facility  
  75  7:14  Archon x2  
  79  7:17  High Templar x2  
  83  7:26  Probe x2  
  81  7:31  Photon Cannon x2  
  81  7:33  Stalker  
  81  7:36  Archon  
  83  7:38  Gateway  
  65  7:51  Zealot x3  
  65  7:52  Zealot x2  
  70  8:02  Zealot  
  46  8:14  Zealot x3  
  46  8:15  Zealot x2  
  46  8:17  Gateway  
  46  8:18  Gateway  
  54  8:21  Gateway  
  54  8:24  Zealot  
  46  8:28  Pylon  
  46  8:34  Zealot x2  
  46  8:36  Zealot x3  
  52  8:43  Zealot  
Tags
 
Add a new tag
Caveats
  • Supply blocks, unpowered buildings, or Contaminate may cause inaccurate times.
  • Supply counts are checked every 10 seconds.